cohdb
Replays
Latest Replays
All Replays
Popular Replays
Top Player Replays
Match Explorer
How It Works
Community
CoH3 Stats
Reddit
Sign in to upload your games and track your stats! →
Sign in with Steam
Match 42710356
Unlisted
Match 42710356
Overview
Messages
Build Orders
End
Kradschützen Motorcycle Team
Panzerpioneer Squad
Selects Italian Infantry
250 Light Carrier
Construct Light Support Kompanie
MG34 Team
Selects Defensive Operations
2.5-tonne Medical Truck
Fire Support Elements
le.IG 18 Mechanized Group
Selects Guastatori Squad
Guastatori Squad
Construct Panzerarmee Kommand
Selects Registered Artillery
Panzer III L Medium Tank
Panzer III L Medium Tank
Selects Territory Booby Traps
Guastatori Squad
Registered Artillery
Selects Obice 305mm Barrage
Flak 36 Anti-tank Gun Team
Walking Stuka Rocket Launcher
Guastatori Squad
Guastatori Squad
Panzer III L Medium Tank
Selects Towed Cannone da 105/28 Field Howitzer
Flak 36 Anti-tank Gun Team
Obice 305mm Barrage
Guastatori Squad
Welian
Nizar
Blitz_Gamer93
Feenrr
HugoStiglitzz
ItsBrettos
vonAJ
Betrazen
0
0
Comments
sign in to comment!
No comments posted yet!